 Dungeon Crawl Stone Soup version 0.13-a0-2244-g236abbe (webtiles) character file.

1740 mumra1 the Infuser (level 8, 0/51 HPs)
             Began as a High Elf Skald on July 6, 2013.
             Was a Priest of Makhleb.
             Killed by divine providence
             ... invoked by an orc priest
              (14 damage)
             ... on Level 6 of the Dungeon.
             The game lasted 00:28:41 (8599 turns).

mumra1 the Infuser (High Elf Skald)                 Turns: 8599, Time: 00:28:41

HP   0/51        AC 10     Str 11      XL: 8   Next: 59%
MP   9/19        EV  9     Int 18      God: Makhleb [***...]
Gold 170         SH  0     Dex 15      Spells:  5 memorised,  2 levels left

Res.Fire  : . . .   See Invis. : .   j - +1,+3 long sword
Res.Cold  : . . .   Warding    : .   g - +1 elf ring mail
Life Prot.: . . .   Conserve   : .   (no shield)
Res.Poison: .       Res.Corr.  : .   q - +0 wizard hat (curse)
Res.Elec. : .       Clarity    : .   (no cloak)
Sust.Abil.: . .     Spirit.Shd : .   (no gloves)
Res.Mut.  : .       Stasis     : .   x - +0 pair of dwarf boots
Res.Rott. : .       Flight     : .   (no amulet)
Saprovore : . . .                    b - +2 ring of protection
                                     z - +1 ring of protection

@: somewhat resistant to hostile enchantments, very unstealthy
A: no striking features
a: Minor Destruction, Lesser Servant of Makhleb, Renounce Religion, Stop Singing


You were on level 6 of the Dungeon.
You worshipped Makhleb.
Makhleb was greatly pleased with you.
You were not hungry.

You visited 1 branch of the dungeon, and saw 6 of its levels.

You collected 189 gold pieces.
You spent 39 gold pieces at shops.

Inventory:

Hand weapons
 j - a +1,+3 long sword (weapon)
 l - a +2,+2 short sword
Missiles
 i - 3 darts of flame
 k - 20 darts
 o - 28 steel darts (quivered)
 r - 15 poisoned needles
 B - 13 sling bullets
Armour
 g - a +1 elven ring mail (worn)
 q - a cursed +0 wizard hat (worn)
 x - a +0 pair of dwarven boots (worn)
Magical devices
 e - a wand of digging (7)
 s - a wand of frost (8)
 y - a wand of confusion (9) {unknown}
Comestibles
 a - 3 meat rations
 d - 4 bread rations
 p - 2 pears
Scrolls
 n - 2 scrolls of amnesia
 v - 2 scrolls of identify
 A - a scroll of teleportation
 D - a scroll of remove curse
Jewellery
 b - a +2 ring of protection (right hand)
 z - a +1 ring of protection (left hand)
Potions
 f - 4 potions of curing
 h - a potion of flight {unknown}
 m - a potion of restore abilities
 t - a potion of resistance
 u - a potion of agility
 w - 2 potions of berserk rage
 C - a potion of magic
Books
 c - a book of Battle

   Spells                             Type                      Level
   *Infusion                          Charms                       1
   *Shroud of Golubria                Charms/Translocation         2
   *Song of Slaying                   Charms                       2
   *Spectral Weapon                   Hexes/Charms                 3
   *Regeneration                      Charms/Necromancy            3
   Song of Shielding                  Charms                       5


   Skills:
 - Level 2.0 Fighting
 - Level 2.6 Short Blades
 + Level 8.7 Long Blades
 - Level 0.8 Armour
 - Level 1.1 Dodging
 - Level 3.2 Spellcasting
 - Level 9.1 Charms


You had 2 spell levels left.
You knew the following spells:

 Your Spells              Type           Power        Failure   Level  Hunger
a - Infusion              Chrm           #####.       1%          1    None
b - Song of Slaying       Chrm           #####.....   1%          2    ##.....
c - Shroud of Golubria    Chrm/Tloc      ###.......   4%          2    ##.....
d - Spectral Weapon       Hex/Chrm       ###.....     10%         3    ###....
e - Regeneration          Chrm/Necr      ###.......   10%         3    ###....


Dungeon Overview and Level Annotations

Branches:
Dungeon (6/27)
 Temple: D:4-7          Orc: D:6-11

Altars:
Ashenzari
Makhleb
Vehumet

Shops:
D:4: =

Portals:
Ziggurat: D:3 (3240 gp)


Message History

Makhleb accepts your kill. The orc hits you with an orcish hammer.
You hit the sky beast.
The sky beast is moderately wounded.
Your spectral weapon hits the sky beast!
The sky beast hits you but does no damage.
The orc hits you with an orcish hammer.
* * * LOW HITPOINT WARNING * * *
You miss the sky beast.
The sky beast is severely wounded.
Your spectral weapon misses the sky beast.
The sky beast flickers out of sight!
Deactivating autopickup; reactivate with Ctrl-A.
It hits you but does no damage. The orc hits you with an orcish hammer.
* * * LOW HITPOINT WARNING * * *
You miss it. It hits you but does no damage.
The orc hits you but does no damage.
The orc priest invokes the aid of Beogh against you.
Something smites you!
You die...

###########
######.....#
#.....'.....#
####<(...#
#.....# #.....#
#.....#
#########.....#
(......o(......#
####o{@......#
###########


You could see an orc priest, an orc and a friendly spectral long sword.

Vanquished Creatures
  A sky beast (D:5)
  2 orc warriors (D:6)
  2 phantoms
  2 centaurs (D:6)
  A centaur skeleton (D:6)
  A water moccasin (D:5)
  An orc priest (D:6)
  2 hounds (D:5)
  A scorpion (D:6)
  A gnoll shaman (D:4)
  3 orc wizards
  An iguana (D:5)
  4 worker ants
  15 gnolls
  7 adders
  An adder skeleton (D:4)
  A giant mite (D:4)
  A worm (D:2)
  7 giant geckos
  2 oozes
  19 orcs
  13 bats
  10 goblins
  11 hobgoblins
  5 jackals
  A ball python (D:6)
  5 giant cockroaches
  A giant gecko zombie (D:5)
  7 giant newts
  A giant newt skeleton (D:4)
  A giant spore (D:6)
  A hobgoblin skeleton (D:4)
  11 kobolds
  10 rats
  A ballistomycete (D:6)
153 creatures vanquished.

Vanquished Creatures (others)
  An orc wizard (D:5)
  2 spectral weapons
  A giant newt (D:1)
  2 kobolds
6 creatures vanquished.

Grand Total: 159 creatures vanquished

Notes
Turn   | Place    | Note
--------------------------------------------------------------
     0 | D:1      | mumra1, the High Elf Skald, began the quest for the Orb.
     0 | D:1      | Reached XP level 1. HP: 14/14 MP: 3/3
   168 | D:1      | Reached skill level 4 in Charms
   222 | D:1      | Reached XP level 2. HP: 17/19 MP: 1/5
   961 | D:2      | Learned a level 2 spell: Song of Slaying
   964 | D:2      | Learned a level 2 spell: Shroud of Golubria
  1490 | D:2      | Reached XP level 3. HP: 24/24 MP: 1/8
  2076 | D:2      | Reached skill level 5 in Charms
  2268 | D:2      | Learned a level 3 spell: Spectral Weapon
  2400 | D:3      | HP: 1/24 [orc/orcish mace (7)]
  2645 | D:3      | Reached XP level 4. HP: 30/30 MP: 2/11
  2765 | D:3      | Found a gateway to a ziggurat.
  3331 | D:3      | Found a burning altar of Makhleb.
  3339 | D:3      | Became a worshipper of Makhleb the Destroyer
  3846 | D:4      | Noticed a phantom
  3862 | D:4      | Killed a phantom
  3862 | D:4      | Reached skill level 6 in Charms
  3862 | D:4      | Reached XP level 5. HP: 18/35 MP: 5/13
  4032 | D:4      | Reached skill level 7 in Charms
  4345 | D:4      | Found Ypiot's Jewellery Shoppe.
  4494 | D:4      | Noticed a phantom
  5109 | D:3      | Killed a phantom
  5109 | D:3      | Reached skill level 8 in Charms
  5109 | D:3      | Reached XP level 6. HP: 21/40 MP: 3/15
  5114 | D:3      | Learned a level 3 spell: Regeneration
  5293 | D:4      | Acquired Makhleb's first power
  5503 | D:4      | Bought a +1 ring of protection for 39 gold pieces
  6365 | D:4      | Reached skill level 9 in Charms
  6405 | D:4      | Acquired Makhleb's second power
  6521 | D:4      | Reached skill level 1 in Long Blades
  6521 | D:4      | Reached XP level 7. HP: 14/45 MP: 4/18
  6938 | D:5      | Entered Level 5 of the Dungeon
  7607 | D:5      | Reached skill level 5 in Long Blades
  7624 | D:5      | Found a radiant altar of Vehumet.
  7936 | D:6      | Found a shattered altar of Ashenzari.
  7953 | D:6      | Reached XP level 8. HP: 28/51 MP: 12/19
  8110 | D:6      | Acquired Makhleb's third power
  8599 | D:6      | Killed from afar by an orc priest

Action                   |  1- 3 |  4- 6 |  7- 9 || total
-------------------------+-------+-------+-------++-------
Melee: Short sword       |    47 |     7 |       ||    54
       Dagger            |   110 |       |       ||   110
       Long sword        |       |   155 |   134 ||   289
Throw: Dart              |     7 |       |     2 ||     9
 Cast: Infusion          |    30 |    14 |    13 ||    57
       Shroud of Golubri |     1 |     8 |     9 ||    18
       Song of Slaying   |     1 |     5 |     2 ||     8
       Spectral Weapon   |       |    22 |    20 ||    42
Evoke: Wand              |       |     2 |     1 ||     3
  Use: Scroll            |     6 |    11 |     6 ||    23
       Potion            |     1 |     1 |       ||     2
